 Dungeon Crawl Stone Soup version 0.23-a0-612-gcb482e9 (webtiles) character file.

4200 Borgoz the Skirmisher (level 10, -2/86 (88) HPs)
             Began as a Ghoul Abyssal Knight on Dec 21, 2018.
             Was a Priest of Lugonu.
             Slain by a slime creature (8 damage)
             ... on level 8 of the Dungeon.
             The game lasted 00:21:26 (11414 turns).

Borgoz the Skirmisher (Ghoul Abyssal Knight)       Turns: 11414, Time: 00:21:26

HP:   -2/86 (88)    AC:  5    Str: 17    XL:     10   Next: 29%
MP:   14/14         EV: 14    Int:  9    God:    Lugonu [***...]
Gold: 373           SH:  4    Dex: 11    Spells: 9/9 levels left

rFire    . . .     SeeInvis .   y - +6 mace of the Valley {flame, Int+2}
rCold    + . .     Gourm    .   (no shield)
rNeg     + + +     Faith    .   a - +0 leather armour
rPois    ∞         Spirit   .   p - +0 helmet
rElec    .         Reflect  +   (no cloak)
rCorr    .         Harm     .   (no gloves)
MR       .....                  (no boots)
Stlth    +.........             d - +4 amulet of reflection
HPRegen  0.00/turn              (no ring)
MPRegen  0.14/turn              (no ring)

@: rotting
A: rotting body, claws 1, carnivore, cold resistance 1, negative energy
resistance 3, inhibited regeneration, torment resistance, unbreathing
a: Depart the Abyss, Bend Space, Banish, Renounce Religion


You were on level 8 of the Dungeon.
You worshipped Lugonu.
Lugonu was most pleased with you.
You were not hungry.

You visited 2 branches of the dungeon, and saw 9 of its levels.
You visited the Abyss 1 time.
You also visited: Sewer.

You collected 373 gold pieces.

Inventory:

Hand Weapons
 n - a +2 whip of distortion
 y - the +6 mace of the Valley (weapon) {flame, Int+2}
   (You found it on level 8 of the Dungeon)

   It has been specially enchanted to burn those struck by it, causing extra
   injury to most foes and up to half again as much damage against particularly
   susceptible opponents.
   It affects your intelligence (+2).
 C - a +2 dagger of distortion
Armour
 a - a +0 leather armour (worn)
 p - a +0 helmet (worn)
 z - the +4 skin of Zhor {rC+++}
   (You found it on level 8 of the Dungeon)

   It renders you almost immune to cold.
Jewellery
 d - a +4 amulet of reflection (around neck)
 l - an uncursed amulet of the acrobat {unknown}
Wands
 s - a wand of polymorph (8)
 A - a wand of enslavement (9)
Scrolls
 c - a scroll of noise {unknown}
 g - 4 scrolls of fear {unknown}
 h - 2 scrolls of enchant weapon
 i - a scroll of amnesia {unknown}
 j - 2 scrolls of teleportation
 k - 2 scrolls of enchant armour {unknown}
 m - 2 scrolls of fog
 q - 3 scrolls of remove curse
 t - a scroll of summoning {unknown}
 w - a scroll of blinking {unknown}
 x - 2 scrolls of brand weapon {unknown}
Potions
 e - 4 potions of brilliance
 f - 4 potions of curing
 o - a potion of cancellation
 r - a potion of degeneration
 u - 2 potions of flight
 v - a potion of berserk rage
Comestibles
 b - 11 rations


   Skills:
 + Level 7.9 Fighting
 + Level 3.1 Maces & Flails
 + Level 6.2 Armour
 + Level 5.9 Dodging
 - Level 6.2 Unarmed Combat
 + Level 7.5 Invocations


You had 9 spell levels left.
You didn't know any spells.
Your spell library contained the following spells:

 Spells                   Type           Power        Failure   Level  Hunger
 Animate Skeleton         Necr           N/A          43%         1    ##.....
 Apportation              Tloc           #.....       43%         1    ##.....
 Confusing Touch          Hex            #.....       43%         1    ##.....
 Magic Dart               Conj           #...         43%         1    ##.....
 Pain                     Necr           #...         43%         1    ##.....
 Summon Small Mammal      Summ           #...         43%         1    ##.....
 Searing Ray              Conj           #.....       58%         2    ###....
 Dazzling Spray           Conj/Hex       #.....       82%         3    ####...
 Regeneration             Chrm/Necr      #.........   82%         3    ####...
 Vampiric Draining        Necr           #.........   82%         3    ####...
 Animate Dead             Necr           N/A          99%         4    #####..
 Force Lance              Conj/Tloc      #.......     99%         4    #####..
 Fulminant Prism          Conj/Hex       #.........   99%         4    #####..
 Iskenderun's Mystic Bla  Conj           #.......     99%         4    #####..


Dungeon Overview and Level Annotations

Branches:
Dungeon (8/15)             Temple (1/1) D:7
   Lair: D:8-11

Altars:
Ashenzari
Cheibriados
Dithmenos
Elyvilon
Fedhas
Gozag
Hepliaklqana
Kikubaaqudgha
Makhleb
Nemelex Xobeh
Okawaru
Qazlal
Ru
Sif Muna
Trog
Uskayaw
Vehumet
Wu Jian
Xom
Yredelemnul
Zin
The Shining One
Jiyva

Shops:
D:4 =

Annotations:
D:8 Ratty's ghost, novice DENe


Innate Abilities, Weirdness & Mutations

Your body is rotting away.
You thrive on raw meat.
You are immune to poison.
You have sharp fingernails.
You are carnivorous and can eat meat at any time.
Your flesh is cold resistant. (rC+)
You are immune to negative energy. (rN+++)
You do not regenerate when monsters are visible.
You are immune to unholy pain and torment.
You can survive without breathing.


Message History

You hit the jelly. You burn the jelly.
Your claws burn!
The jelly is severely wounded.
The jelly misses you. The jelly hits you but does no damage.
You hit the jelly. You burn the jelly.
Your claws burn!
The jelly is almost dead.
The jelly hits you.
You are splashed with acid!
The acid burns!
The slime creature quivers.
You sock the jelly! You burn the jelly.
You kill the jelly!
Lugonu accepts your kill.
You hit the slime creature. You burn the slime creature.
The slime creature is lightly wounded.
The slime creature hits you!
* * * LOW HITPOINT WARNING * * *
You hit the slime creature. You burn the slime creature.
The slime creature is lightly wounded.
The slime creature hits you!
* * * LOW HITPOINT WARNING * * *
The slime creature hits you!
You die...

##........)<. ####
#..###.......
#..#####...##.....>.
##....#...........##.
#.......#.........###
#.................###
##..................##
#....J####.......##.(.
##....@# ####...###...
#.###..## ##..###....
###.# #...### #..........
#...# #.##..###..........
#..####.###....##..#.....
##..# #.##
##..###.###.### #...# #.#
#####.## #.# # #>..###.#
#.# #.# ###.......## ###
###


You could see a slime creature.

Vanquished Creatures
  The ghost of MisterFreud the Basher, a novice GrMo of Qazlal (D:7)
  Pikel (D:7)
  A kobold demonologist (D:7)
  A hungry ghost (D:8)
  A sky beast (D:6)
  A water moccasin (D:7)
  An orc warrior (D:8)
  A phantom (D:4)
  A black bear (D:5)
  2 ogres
  A centaur (D:8)
  Blork the orc (D:5)
  12 big kobolds (D:7)
  4 bullfrogs
  2 scorpions
  2 crimson imps (D:8)
  3 jellies
  An orc priest (D:6)
  Natasha (thrice) (D:4)
  Ijyb (D:3)
  An iguana (D:5)
  3 orc wizards
  4 worker ants
  A killer bee zombie (D:8)
  2 hound skeletons
  Robin (D:4)
  14 adders
  2 river rats (D:5)
  2 shadow imps
  An adder skeleton (D:5)
  2 worms
  2 dart slugs
  4 leopard geckos
  20 orcs
  12 hobgoblins
  6 jackals (Sewer)
  19 kobolds
  6 quokkas
  4 ball pythons
  7 bats
  10 frilled lizards
  14 goblins
  A jackal skeleton (D:8)
  2 jackal zombies
  A leopard gecko skeleton (D:8)
  10 rats
  4 plants (Sewer)
196 creatures vanquished.

Vanquished Creatures (others)
  A slime creature (D:8)
  3 slaves (D:7)
  A big kobold (D:7)
  4 plants (D:7)
9 creatures vanquished.

Grand Total: 205 creatures vanquished

Notes
Turn   | Place    | Note
-------+----------+-------------------------------------------
     0 | Abyss:1  | Borgoz the Ghoul Abyssal Knight began the quest for the
                  | Orb.
     0 | Abyss:1  | Reached XP level 1. HP: 19/19 MP: 1/1
    44 | Abyss:1  | Noticed a ynoxinul
    48 | D:1      | Escaped the Abyss
    87 | D:1      | Reached skill level 1 in Dodging
   187 | D:1      | Reached XP level 2. HP: 13/26 MP: 2/2
   188 | D:1      | Reached * piety under Lugonu
   796 | D:1      | Reached XP level 3. HP: 31/31 MP: 3/3
  1407 | D:2      | Reached XP level 4. HP: 39/40 MP: 5/5
  1813 | D:3      | Noticed Ijyb
  1829 | D:3      | Killed Ijyb
  1829 | D:3      | Reached XP level 5. HP: 36/46 MP: 6/6
  2007 | D:3      | Found a faded altar of an unknown god.
  2150 | D:3      | Found a hide-covered altar of Uskayaw.
  2279 | D:3      | Reached ** piety under Lugonu
  2371 | D:3      | Noticed an ogre
  2602 | D:3      | Killed an ogre
  2602 | D:3      | Reached XP level 6. HP: 52/52 MP: 7/7
  2869 | D:4      | Found a deep blue altar of Sif Muna.
  2872 | D:4      | Found a sparkling altar of Nemelex Xobeh.
  2875 | D:4      | Found a snail-covered altar of Cheibriados.
  2878 | D:4      | Found a stormy altar of Qazlal.
  2908 | D:4      | Noticed Natasha
  2914 | D:4      | Killed Natasha
  3085 | D:4      | Noticed Robin
  3096 | D:4      | Killed Robin
  3173 | D:4      | Found Poemnam's Jewellery Shoppe.
  3173 | D:4      | Noticed a phantom
  3208 | D:4      | Reached XP level 7. HP: 50/60 MP: 8/8
  3304 | D:4      | Noticed Natasha
  3311 | D:4      | Killed Natasha
  3855 | D:4      | Noticed Natasha
  3864 | D:4      | Killed Natasha
  3864 | D:4      | Reached skill level 5 in Fighting
  4023 | D:5      | Entered Level 5 of the Dungeon
  4119 | D:5      | Noticed Blork the orc
  4121 | D:5      | Found a glowing drain.
  4131 | Sewer    | Entered a sewer
  4507 | Sewer    | Reached *** piety under Lugonu
  5036 | D:5      | Killed Blork the orc
  5048 | D:5      | Reached XP level 8. HP: 46/68 MP: 10/10
  5599 | D:5      | Reached skill level 5 in Unarmed Combat
  5725 | D:6      | Reached skill level 5 in Invocations
  6104 | D:6      | Found a shimmering altar of Xom.
  6376 | D:6      | Found a basalt altar of Yredelemnul.
  6607 | D:6      | Found a burning altar of Makhleb.
  6607 | D:6      | Noticed an Executioner
  6736 | D:6      | Found a white marble altar of Elyvilon.
  7228 | D:7      | Noticed Pikel
  7245 | D:7      | Killed Pikel
  7245 | D:7      | Reached skill level 5 in Armour
  7245 | D:7      | Reached XP level 9. HP: 30/78 MP: 12/12
  7271 | D:7      | Reached **** piety under Lugonu
  7337 | D:7      | Found a runed gate.
  7338 | D:7      | Found a runed gate.
  7338 | D:7      | Noticed a kobold demonologist
  7339 | D:7      | Found a runed gate.
  7343 | D:7      | Noticed MisterFreud's ghost (novice GrMo)
  7724 | D:7      | Found a staircase to the Ecumenical Temple.
  7860 | Temple   | Entered the Ecumenical Temple
  8144 | D:8      | Got a blackened mace
  8173 | D:8      | Identified the +6 mace of the Valley {flame, Int+2} (You
                  | found it on level 8 of the Dungeon)
  8420 | D:8      | Reached skill level 5 in Dodging
  8524 | D:8      | Reached skill level 1 in Maces & Flails
  8544 | D:8      | Found a runed gate.
  8545 | D:8      | Found a runed gate.
  8545 | D:8      | Found a runed gate.
  8886 | D:8      | Noticed Ratty's ghost (novice DENe)
  9111 | D:8      | Found an iron altar of Okawaru.
  9174 | D:8      | Found the +4 skin of Zhor {rC+++}
  9446 | D:8      | Found a viscous altar of Jiyva.
  9589 | D:7      | Noticed a hellwing
  9599 | D:7      | Killed a kobold demonologist
  9936 | D:7      | Killed MisterFreud's ghost
  9936 | D:7      | Reached XP level 10. HP: 19/88 MP: 14/14
 11414 | D:8      | Slain by a slime creature

Vault maps used:
D:1:      minmay_arrival_diagonal_passages, hangedman_decor_slide_cut,
          minmay_crystal_water
D:2:      dk_noncrumbling_4, nrook_campfire
D:3:      nicolae_overflow_hidden_temple, chequers_ecumenical_altar_twisty,
          serial_forest, infiniplex_forest_end_2, infiniplex_forest_straight_4,
          infiniplex_forest_zigzag_1, infiniplex_forest_clump_curved,
          infiniplex_forest_clump_diagonal, uniq_ijyb
D:4:      grunt_temple_overflow_cloverleaf, minmay_shop_enchanted_jewellery,
          uniq_robin, uniq_natasha
D:5:      cheibrodos_sewer_entry_sluice, first_ration, uniq_blork_the_orc
D:6:      kennysheep_ying_yang, overflow_temple_1_default, st_stairs_10,
          makhleb_altar_promises_db
D:7:      temple_hall, gammafunk_ghost_nasty_kobolds, minivault_23, uniq_pikel
D:8:      gammafunk_ghost_ooze, basic_altar, lemuel_flamethrower_2
Temple:   minmay_temple_curvy_branch
Sewer:    sewer_co_scattered_pipes

Skill      XL: |  1  2  3  4  5  6  7  8  9 10 |
---------------+-------------------------------+-----
Dodging        | 1 2 3 4 5 |  5.9
Armour         | 2 3 5 6 |  6.2
Unarmed Combat | 3 4 6 |  6.2
Fighting       | 4 5 6 7 |  7.9
Invocations    | 3 4 6 7 |  7.5
Maces & Flails | 2 3 |  3.1

Action                   |  1- 3 |  4- 6 |  7- 9 | 10-12 || total
-------------------------+-------+-------+-------+-------++-------
Melee: Unarmed           |   140 |   191 |   507 |       ||   838
       Punch             |       |     2 |     6 |     1 ||     9
       Mace              |       |       |   105 |    61 ||   166
Invok: Depart the Abyss  |     1 |       |       |       ||     1
       Banish            |       |       |       |     1 ||     1
Evoke: Wand              |       |     4 |       |     3 ||     7
  Use: Scroll            |       |     6 |    11 |     1 ||    18
       Potion            |       |     1 |     8 |     1 ||    10
  Eat: Chunk             |    22 |    14 |    47 |     8 ||    91
Armor: Leather armour    |    23 |    44 |    96 |    15 ||   178
Dodge: Dodged            |    49 |   113 |   257 |    28 ||   447
Block: Other             |    25 |    25 |    72 |     7 ||   129
       Reflection        |       |     1 |     4 |       ||     5

Table legend:
 A = Non-vault XP
 B = Vault XP
 C = Vault XP percentage of total XP
 D = Non-vault monster count
 E = Vault monster count
 F = Vault count percentage of total count
                 A         B        C        D         E       F
            +---------+---------+-------+---------+---------+-------
      Total |    3077 |    2923 |  48.7 |     135 |      58 |  30.1
            +---------+---------+-------+---------+---------+-------
        D:1 |      34 |       0 |   0.0 |      21 |       0 |   0.0
        D:2 |     109 |       0 |   0.0 |      26 |       0 |   0.0
        D:3 |     157 |      35 |  18.2 |      14 |       1 |   6.7
        D:4 |     471 |      72 |  13.3 |      13 |      14 |  51.9
        D:5 |     421 |     131 |  23.7 |       9 |       5 |  35.7
        D:6 |     450 |      17 |   3.6 |      13 |       3 |  18.8
        D:7 |     570 |    2521 |  81.6 |      23 |      13 |  36.1
        D:8 |     865 |      83 |   8.8 |      16 |       2 |  11.1
      Sewer |       0 |      64 | 100.0 |       0 |      20 | 100.0
            +---------+---------+-------+---------+---------+-------
